[Event "Team 45 45 League T41"]
[Site "Internet Chess Club"]
[Date "2009.05.02"]
[Round "1"]
[White "twintower"]
[Black "joshtournman"]
[Result "1-0"]
[WhiteElo "1445"]
[BlackElo "1551"]
[Opening "Petrov: Italian variation"]
[ECO "C42"]
[Time "18:33:07"]
[TimeControl "2700+45"]

1. e4 e5 2. Nf3 Nf6 3. Bc4 Nxe4 4. d3 Nd6 5. Bb3 f6 6. O-O Be7 7. Nh4 g6 8. Be3
Nf7 9. Nc3 O-O 10. Bh6 Re8 11. Qf3 f5 12. Nxf5 Bf8 13. Bxf7+ Kxf7 14. Nd6+ Kg8
15. Qf7+ Kh8 16. Nxe8 Bxh6 17. Nf6 Bg7 18. Qe8+ Qxe8 19. Nxe8 Na6 20. Nd5 c6 21.
Nxg7 Kxg7 22. Ne7 d5 23. Nxc8 Rxc8 24. Rfe1 Re8 25. Re2 Kf6 26. Rae1 Nc5 27. d4
Nd7 28. dxe5+ Rxe5 29. Rxe5 Nxe5 30. b3 c5 31. f4 Nc6 32. Re8 Nb4 33. Rb8 b6 34.
Rb7 Nxc2 35. Rxa7 Nb4 36. a3 Nd3 37. g3 c4 38. bxc4 dxc4 39. Kf1 c3 40. Rc7 Nc5
41. Ke2 Kf5 42. Rxc5+ bxc5 43. Kd3 Ke6 44. Kxc3 Kd5 45. a4 h5 46. a5 c4 47. a6
Kc6 48. a7 Kb7 49. Kxc4 Kxa7 50. Kd5 Kb7 51. Ke6 Kc7 52. Kf6 Kd6 53. Kxg6 Ke6
54. f5+ Ke7 55. Kg7 {Black resigns} 1-0

[Event "Team 45 45 League T41"]
[Site "Internet Chess Club"]
[Date "2009.05.02"]
[Round "1"]
[White "SugarIslander"]
[Black "Timotheous"]
[Result "1-0"]
[WhiteElo "1730"]
[BlackElo "1676"]
[Opening "Sicilian: accelerated fianchetto, Maróczy bind, 6.Be3"]
[ECO "B38"]
[Time "13:00:22"]
[TimeControl "2700+45"]

1. e4 c5 2. Nf3 Nc6 3. d4 cxd4 4. Nxd4 g6 5. c4 Bg7 6. Be3 Nf6 7. Nc3 O-O 8. Be2
d6 9. O-O a6 10. Qd2 Ng4 11. Nxc6 bxc6 12. Bf4 Rb8 13. Rab1 Qa5 14. Rfc1 Qc5 15.
Nd1 Bd4 16. Bxg4 Bxg4 17. b4 Qa7 18. c5 dxc5 19. Bxb8 Rxb8 20. bxc5 Rxb1 21.
Rxb1 Qxc5 22. Ne3 Bxe3 23. Rb8+ Kg7 24. fxe3 f6 25. h3 Be6 26. a4 Qe5 27. Qd8
Qa1+ 28. Kf2 Qa2+ 29. Kf3 Kh6 30. g4 Kg5 31. Qxe7 Qa1 32. Kf2 Qa2+ 33. Kg3 Qa1
34. h4+ {Black resigns} 1-0

[Event "Team 45 45 League T41"]
[Site "Internet Chess Club"]
[Date "2009.05.02"]
[Round "1"]
[White "basserben"]
[Black "oldsj"]
[Result "1-0"]
[WhiteElo "1640"]
[BlackElo "1579"]
[Opening "Scotch: Schmidt variation"]
[ECO "C45"]
[Time "10:03:25"]
[TimeControl "2700+45"]

1. e4 e5 2. Nf3 Nc6 3. d4 exd4 4. Nxd4 Nf6 5. Bg5 Be7 6. Nxc6 bxc6 7. Nc3 Nxe4
8. Bxe7 Qxe7 9. Nxe4 Qxe4+ 10. Qe2 Qxe2+ 11. Bxe2 d5 12. O-O-O O-O 13. Rhe1 Bb7
14. Bf3 Rfe8 15. b4 Ba6 16. a4 Rab8 17. c3 Bc4 18. a5 Bb3 19. Rxe8+ Rxe8 20. Rd2
Re1+ 21. Kb2 {Black disconnected and forfeits} 1-0

[Event "Team 45 45 League T41"]
[Site "Internet Chess Club"]
[Date "2009.05.02"]
[Round "1"]
[White "Berkshires"]
[Black "OGO"]
[Result "1-0"]
[WhiteElo "1565"]
[BlackElo "1606"]
[Opening "Ruy Lopez: closed, 9.d4"]
[ECO "C91"]
[Time "14:01:10"]
[TimeControl "2700+45"]

1. e4 e5 2. Nf3 Nc6 3. Bb5 a6 4. Ba4 Nf6 5. O-O Be7 6. Re1 b5 7. Bb3 O-O 8. c3
d6 9. d4 exd4 10. cxd4 Bb7 11. Nc3 Qd7 12. Bg5 Rac8 13. Bxf6 Bxf6 14. e5 dxe5
15. dxe5 Qxd1 16. Raxd1 Be7 17. a3 Rcd8 18. Nd5 b4 19. Nxe7+ Nxe7 20. Nd4 c5 21.
Nc2 a5 22. axb4 cxb4 23. e6 f6 24. Rd7 Bd5 25. Bxd5 Nxd5 26. g3 Rfe8 27. Rd1
Rxd7 28. exd7 Rd8 29. Rxd5 Kf7 30. Nd4 {Black resigns} 1-0

[Event "Team 45 45 League T41"]
[Site "Internet Chess Club"]
[Date "2009.04.29"]
[Round "1"]
[White "Skyler"]
[Black "beerss"]
[Result "0-1"]
[WhiteElo "1422"]
[BlackElo "1401"]
[Opening "Queen's pawn"]
[ECO "A40"]
[Time "21:01:04"]
[TimeControl "2700+45"]

1. d4 e6 2. Nf3 d5 3. Bf4 Nf6 4. e3 Be7 5. Nbd2 O-O 6. Bd3 Nbd7 7. Ne5 a6 8. Bg3
Nxe5 9. dxe5 Nd7 10. f4 Nc5 11. Nf3 Ne4 12. c3 Bd7 13. Nd2 Bc6 14. Qg4 f5 15.
Qf3 Nxd2 16. Kxd2 d4 17. Qf2 dxc3+ 18. Kxc3 a5 19. a3 Qd5 20. Rhd1 Qc5+ 21. Kd2
Rad8 22. Rac1 Qb6 23. Ke1 Bc5 24. Qe2 Ba4 25. Bc2 Bc6 26. e4 Rxd1+ 27. Bxd1 Bxe4
28. Bf2 Bxf2+ 29. Qxf2 Qb5 30. Rxc7 Qd5 31. Qe2 Bxg2 32. Qc4 Qd8 33. Qxe6+ Kh8
34. Qe7 Qxe7 35. Rxe7 h6 36. Ba4 Be4 37. Re8 Rxe8 38. Bxe8 Kg8 39. Ba4 Kf8 40.
Kd2 Ke7 41. Bc2 Bxc2 42. Kxc2 g5 43. fxg5 hxg5 44. h3 Ke6 45. Kd3 Kxe5 46. Ke3
b6 47. b3 f4+ 48. Kf3 Kf5 49. a4 Ke5 50. Ke2 Ke4 51. Kf2 Kf5 52. Kf3 Ke5 53. Ke2
Ke4 54. Kf2 f3 55. Kf1 Ke3 56. Ke1 Kf4 57. Kf2 Ke4 58. Kf1 Ke3 59. Ke1 f2+ 60.
Kf1 Kf3 61. b4 axb4 62. a5 bxa5 63. h4 b3 64. hxg5 b2 65. g6 b1=Q# {White
checkmated} 0-1

[Event "Team 45 45 League T41"]
[Site "Internet Chess Club"]
[Date "2009.05.01"]
[Round "1"]
[White "BotanicalKnight"]
[Black "scottrugby"]
[Result "1/2-1/2"]
[WhiteElo "1588"]
[BlackElo "1516"]
[Opening "Sicilian: closed"]
[ECO "B24"]
[Time "20:01:49"]
[TimeControl "2700+45"]

1. e4 c5 2. Nc3 g6 3. g3 Bg7 4. d3 Nc6 5. Bg2 Nf6 6. f4 d6 7. Nf3 e6 8. O-O O-O
9. a3 Qb6 10. Kh1 Ng4 11. h3 Nf6 12. g4 Nd4 13. Ne2 Nxf3 14. Bxf3 Bd7 15. Qe1 a5
16. g5 Ne8 17. c3 e5 18. Qg3 exf4 19. Nxf4 Nc7 20. h4 Qb5 21. Be2 Qc6 22. Bf3
Qb5 23. Be2 {Game drawn by mutual agreement} 1/2-1/2

[Event "Team 45 45 League T41"]
[Site "Internet Chess Club"]
[Date "2009.05.02"]
[Round "1"]
[White "hcarstens"]
[Black "medsurg"]
[Result "1/2-1/2"]
[WhiteElo "1397"]
[BlackElo "1437"]
[Opening "Ruy Lopez: four knights (Tarrasch) variation"]
[ECO "C48"]
[Time "22:00:10"]
[TimeControl "2700+45"]

1. e4 e5 2. Nf3 Nf6 3. Nc3 Nc6 4. Bb5 a6 5. Ba4 b5 6. Bb3 Be7 7. O-O O-O 8. Re1
d6 9. d4 Bg4 10. d5 Nd4 11. Qd3 Nxf3+ 12. gxf3 Bh3 13. f4 Bg4 14. f5 Nh5 15. Ne2
Bg5 16. Ng3 Bxc1 17. Nxh5 Bxh5 18. Raxc1 Qg5+ 19. Kh1 Qf6 20. Rg1 Kh8 21. Rce1
g6 22. Qh3 Rg8 23. c3 Rac8 24. Bd1 Bxd1 25. Rxd1 c5 26. Rd3 gxf5 27. Rf3 Rxg1+
28. Kxg1 Rg8+ 29. Kh1 Qg5 30. Rg3 Qc1+ 31. Kg2 Rxg3+ 32. hxg3 fxe4 33. Qf5 Kg7
34. Qxe4 Qxb2 35. Qg4+ Kf6 36. Qh4+ Kg7 37. Qg4+ Kf6 38. Qh4+ Kg7 39. Qg4+ Kf8
40. Qd7 Qxc3 41. Qxd6+ Kg8 42. Qd8+ Kg7 43. Qg5+ Kf8 44. d6 e4 45. Qe7+ Kg7 46.
Qxe4 Qf6 47. d7 c4 48. Qh4 Qc6+ 49. f3 Qxd7 50. Qg5+ Kf8 51. Qh6+ Ke8 52. Qxa6
c3 53. Qa8+ Ke7 54. Qe4+ Kf8 55. Qb4+ Kg8 56. Qxc3 Qd5 57. Qc8+ Kg7 {Game drawn
by mutual agreement} 1/2-1/2

[Event "Team 45 45 League T41"]
[Site "Internet Chess Club"]
[Date "2009.05.01"]
[Round "1"]
[White "IanT"]
[Black "Just-Jim"]
[Result "0-1"]
[WhiteElo "1436"]
[BlackElo "1345"]
[Opening "King's knight opening"]
[ECO "C40"]
[Time "19:54:29"]
[TimeControl "2700+45"]

1. e4 e5 2. Nf3 Bc5 3. Nxe5 Qe7 4. d4 d6 5. dxc5 Qxe5 6. cxd6 Qxe4+ 7. Be3 Qb4+
8. Bd2 Qxd6 9. Nc3 Nf6 10. Be2 O-O 11. O-O a6 12. Be3 Qxd1 13. Raxd1 Bf5 14. Rd2
Nc6 15. a3 Rfe8 16. Rfd1 h6 17. h3 Rad8 18. Rxd8 Nxd8 19. Rd2 Nc6 20. Bd3 Bxd3
21. Rxd3 Ne5 22. Rd2 Nc4 23. Rd4 Nxe3 24. fxe3 Rxe3 25. Rc4 c6 26. Rd4 Re1+ 27.
Kf2 Rc1 28. Rd8+ Kh7 29. Rd2 b5 30. Ke3 Nd5+ 31. Nxd5 cxd5 32. Kd4 Rb1 33. c3
Rf1 34. Kxd5 Rf6 35. Kc5 g5 36. Rd6 Rf2 37. Rxa6 Rxb2 38. Ra5 Rb3 39. Rxb5 Rxa3
40. Kb4 Ra2 41. Kb3 Rxg2 42. c4 Rg3+ 43. Kb4 Rxh3 44. c5 g4 45. c6 g3 46. c7 g2
47. c8=Q Rh4+ 48. Ka5 g1=Q 49. Qf5+ Qg6 50. Qf2 Rh5 51. Qe2 Rxb5+ 52. Kxb5 h5
53. Kc5 Kh6 54. Kb5 Qg5+ 55. Kb6 h4 56. Kc7 h3 57. Qe8 f6 58. Qh8+ Kg6 59. Qxh3
Qe5+ 60. Kc6 Qe4+ 61. Kd6 f5 62. Qg3+ Qg4 63. Qxg4+ fxg4 {White resigns} 0-1

[Event "Team 45 45 League T41"]
[Site "Internet Chess Club"]
[Date "2009.05.03"]
[Round "1"]
[White "thefranman"]
[Black "Conjurer"]
[Result "1-0"]
[WhiteElo "1433"]
[BlackElo "1271"]
[Opening "English opening"]
[ECO "A22"]
[Time "17:03:25"]
[TimeControl "2700+45"]

1. c4 e5 2. Nc3 Nf6 3. d3 Bb4 4. Bd2 O-O 5. a3 Be7 6. Nf3 c5 7. e3 Nc6 8. Be2 b6
9. O-O Bb7 10. Rc1 Re8 11. Qc2 Bf8 12. Nd5 d6 13. Nxf6+ Qxf6 14. b4 Ne7 15. Bc3
Ng6 16. Nd2 Nh4 17. Ne4 Qg6 18. g3 f5 19. Nd2 f4 20. e4 fxg3 21. fxg3 Qg5 22.
Nf3 Qe3+ 23. Kh1 Nxf3 24. Rxf3 Qh6 25. Rcf1 Re6 26. Rf7 Rg6 27. Kg2 Re8 28. Rxb7
Re7 29. Rxe7 Bxe7 30. Bd2 Bg5 31. Bxg5 Qxg5 32. Rf5 Qe3 33. Bh5 Rh6 34. Bf7+ Kh8
35. Qf2 Qxd3 36. Bd5 Rf6 37. Rxf6 {Black resigns} 1-0

[Event "Team 45 45 League T41"]
[Site "Internet Chess Club"]
[Date "2009.05.03"]
[Round "1"]
[White "carambola"]
[Black "AtomicDog"]
[Result "1-0"]
[WhiteElo "1170"]
[BlackElo "1300"]
[Opening "Queen's pawn: Chigorin variation"]
[ECO "D00"]
[Time "12:00:30"]
[TimeControl "2700+45"]

1. d4 d5 2. Nc3 Nf6 3. Nf3 Bf5 4. Bf4 e6 5. e3 Be7 6. Nb5 Bd6 7. Nxd6+ cxd6 8.
Bb5+ Nc6 9. O-O O-O 10. Nh4 Re8 11. Nxf5 exf5 12. Bg5 a6 13. Ba4 Re6 14. Bb3 Ne7
15. Qd3 h6 16. Bh4 g6 17. f4 Qd7 18. c4 Kg7 19. cxd5 Nexd5 20. Bxd5 Nxd5 21. Qc4
Nxe3 22. Qc3 Nxf1 23. d5+ f6 24. dxe6 Qxe6 25. Rxf1 Rf8 26. Re1 Qd7 27. Qc4 Rf7
28. b4 Qc7 29. Qd3 Qd7 30. Qb3 Qc7 31. a4 Qd7 32. b5 axb5 33. axb5 b6 34. Bf2
Qc7 35. Qb2 Qd8 36. Qa2 d5 37. Qa6 d4 38. h3 Rd7 39. Bh4 Rd6 40. Qa7+ Rd7 41.
Qa6 Rd6 42. Qb7+ Rd7 43. Qc6 Rd6 44. Re8 Rxc6 45. Rxd8 {Black forfeits on time}
1-0

[Event "Team 45 45 League T41"]
[Site "Internet Chess Club"]
[Date "2009.05.01"]
[Round "1"]
[White "AlPearson"]
[Black "UriahHeep"]
[Result "1-0"]
[WhiteElo "1409"]
[BlackElo "1398"]
[Opening "English opening"]
[ECO "A20"]
[Time "09:01:01"]
[TimeControl "2700+45"]

1. c4 e5 2. g3 Nc6 3. Bg2 Nf6 4. d3 d5 5. cxd5 Nxd5 6. Nc3 Bb4 7. Qc2 Nxc3 8.
bxc3 Bd6 9. e4 O-O 10. Ne2 Be6 11. O-O Qd7 12. f4 Bc5+ 13. Kh1 Bh3 14. fxe5
Bxg2+ 15. Kxg2 Rae8 16. d4 Be7 17. Bb2 f6 18. exf6 Rxf6 19. e5 Rxf1 20. Rxf1 Rf8
21. Qb3+ Kh8 22. Qxb7 h6 23. Rxf8+ Bxf8 24. Qa8 Kg8 25. Ba3 {Black resigns} 1-0

[Event "Team 45 45 League T41"]
[Site "Internet Chess Club"]
[Date "2009.04.30"]
[Round "1"]
[White "Danny-ONeil"]
[Black "Traho"]
[Result "1-0"]
[WhiteElo "1221"]
[BlackElo "1218"]
[Opening "Nimzo-Indian: classical variation"]
[ECO "E32"]
[Time "19:01:42"]
[TimeControl "2700+45"]

1. d4 Nf6 2. c4 e6 3. Nc3 Bb4 4. Qc2 O-O 5. Nf3 d5 6. e3 c6 7. Be2 Nbd7 8. O-O
a6 9. Bd3 h6 10. a3 Bd6 11. e4 dxe4 12. Nxe4 Nxe4 13. Bxe4 Nf6 14. Bd3 Re8 15.
c5 Be7 16. Bf4 Nh5 17. Be5 Bf6 18. Be2 Bxe5 19. dxe5 Nf4 20. Bc4 Qe7 21. Qe4 Ng6
22. Rad1 Rd8 23. b4 Rxd1 24. Rxd1 Bd7 25. Bd3 Rd8 26. Nh4 f5 27. exf6 Qxf6 28.
Nxg6 Kf7 29. Ne5+ Ke7 30. Ng6+ Kf7 31. Qf4 Qxf4 32. Nxf4 Ke8 33. Bg6+ Ke7 34.
Re1 Kf6 35. Bc2 Be8 36. Nxe6 Rd2 37. Bb3 Bf7 38. h3 Rb2 39. Re3 Rd2 40. Rf3+ Ke7
41. Nxg7 Bxb3 42. Rxb3 Rd5 43. Re3+ Kf6 44. Ne8+ Kf7 45. Nc7 Rd8 46. Ne6 Re8 47.
Nf4 Rxe3 48. fxe3 Kf6 49. g4 Kg5 50. Ne6+ Kf6 51. Nd8 Ke7 52. Nxb7 Kd7 53. Na5
Kc7 54. h4 Kd7 55. g5 hxg5 56. hxg5 Ke7 57. Nxc6+ {Black resigns} 1-0

[Event "Team 45 45 League T41"]
[Site "Internet Chess Club"]
[Date "2009.05.01"]
[Round "1"]
[White "taulanipov"]
[Black "pedrin"]
[Result "1/2-1/2"]
[WhiteElo "2056"]
[BlackElo "1288"]
[Opening "Sicilian: closed"]
[ECO "B24"]
[Time "09:03:05"]
[TimeControl "2700+45"]

1. e4 c5 2. Nc3 Nc6 3. g3 g6 4. Bg2 Bg7 5. f4 d6 6. Nf3 Nf6 7. O-O O-O 8. h3 Nh5
9. Kh2 Be6 10. d3 Qa5 11. g4 Nf6 12. Ne2 h5 13. g5 Nd7 14. Bd2 Qb6 15. Bc3 Bxc3
16. bxc3 d5 17. Nh4 dxe4 18. dxe4 Rad8 19. Qc1 Bc4 20. Re1 Bxe2 21. Rxe2 Qb5 22.
Rf2 Nb6 23. f5 Ne5 24. Bf1 Qa5 25. Qe3 Nec4 26. Qg3 Nd6 27. Re1 Qxa2 28. fxg6
fxg6 29. Nxg6 Rxf2+ 30. Qxf2 Qe6 31. Nf4 Qe5 32. Qg3 Rf8 33. Nxh5 Qxg3+ 34. Nxg3
Rf2+ 35. Bg2 Rxc2 36. e5 Ndc4 37. Ne4 Nxe5 38. Kg3 Nd3 39. Ra1 a6 40. h4 Nd5 41.
h5 Ne3 42. Bh3 Kh7 43. Kf3 Rh2 44. Bc8 Nc2 45. Bf5+ Kh8 46. Rd1 Nde1+ 47. Kg3
Rxh5 48. Rd8+ Kg7 49. Rd7 Kf8 50. Rxb7 c4 51. Be6 Nd3 52. Rb8+ Kg7 53. Rg8+ Kh7
54. Re8 Kg6 55. Rxe7 Rh1 56. Bf7+ Kf5 57. g6 Re1 58. Nd6+ Kf6 59. Rxe1 Ndxe1 60.
Ne8+ Ke7 61. Nc7 a5 62. Bxc4 Kf6 63. Bf7 a4 64. Kg4 a3 65. Kh5 Nd3 66. Kh6 Ne5
67. Nd5+ Kf5 68. g7 Nxf7+ 69. Kh5 a2 70. g8=Q a1=Q 71. Qxf7+ Ke5 72. Qf3 Ne1 73.
Qf7 Qd1+ 74. Kh6 Qxd5 75. Qxd5+ Kxd5 76. c4+ Kxc4 {Game drawn because neither
player has mating material} 1/2-1/2

[Event "Team 45 45 League T41"]
[Site "Internet Chess Club"]
[Date "2009.05.03"]
[Round "1"]
[White "katesolu"]
[Black "dinkola"]
[Result "1-0"]
[WhiteElo "1767"]
[BlackElo "1664"]
[Opening "Alekhine's defense"]
[ECO "B02"]
[Time "10:01:05"]
[TimeControl "2700+45"]

1. e4 Nf6 2. e5 Nd5 3. Nf3 d6 4. exd6 exd6 5. d4 Be7 6. Bc4 Nb6 7. Bb3 O-O 8.
O-O Bg4 9. Re1 Nc6 10. c3 Bf6 11. Nbd2 d5 12. Nf1 Qd7 13. h3 Bf5 14. Ng3 Bg6 15.
Bf4 Rfe8 16. Rxe8+ Rxe8 17. Bc2 Nc4 18. Bxg6 fxg6 19. Qc2 Nd6 20. Qb3 Ne7 21.
Bxd6 cxd6 22. Re1 Kf8 23. Ne2 b6 24. Nf4 Qc6 25. Re6 g5 26. Nh5 Kf7 27. Re1 Qc4
28. Qc2 Ng6 29. Rxe8 Kxe8 30. b3 Qc8 31. Qd2 h6 32. Qd3 Kf7 33. Ng3 Nf4 34. Qb5
Qc7 35. Nf5 Ne2+ 36. Qxe2 {Black resigns} 1-0

[Event "Team 45 45 League T41"]
[Site "Internet Chess Club"]
[Date "2009.05.03"]
[Round "1"]
[White "Rlopez"]
[Black "jjmolina"]
[Result "1-0"]
[WhiteElo "1759"]
[BlackElo "1728"]
[Opening "QGD semi-Slav: 5.Bg5 dc"]
[ECO "D44"]
[Time "13:04:00"]
[TimeControl "2700+45"]

1. d4 d5 2. c4 c6 3. Nf3 Nf6 4. Nc3 e6 5. Bg5 dxc4 6. a4 Bb4 7. Qc2 h6 8. Bh4 g5
9. Bg3 g4 10. Ne5 Qxd4 11. Rd1 Bxc3+ 12. bxc3 Qe4 13. Qc1 c5 14. e3 Nbd7 15.
Nxc4 Nd5 16. Nd6+ {Black resigns} 1-0

[Event "Team 45 45 League T41"]
[Site "Internet Chess Club"]
[Date "2009.04.28"]
[Round "1"]
[White "Xjxjbo"]
[Black "hondocando"]
[Result "0-1"]
[WhiteElo "1527"]
[BlackElo "1757"]
[Opening "Scandinavian: Marshall variation"]
[ECO "B01"]
[Time "23:39:30"]
[TimeControl "2700+45"]

1. e4 d5 2. exd5 Nf6 3. d4 Nxd5 4. c4 Nf6 5. Nf3 e6 6. Be2 Nc6 7. Bg5 Bb4+ 8.
Kf1 h6 9. Bxf6 Qxf6 10. a3 Be7 11. Nc3 O-O 12. Rb1 Rd8 13. d5 Ne5 14. Qc2 c6 15.
dxc6 bxc6 16. Nxe5 Qxe5 17. g3 Bb7 18. Kg2 Qd4 19. Rhd1 c5+ 20. Bf3 Bxf3+ 21.
Kxf3 Qxc4 22. Kg2 Bf6 23. Qe4 Qb3 24. Qa4 Qxa4 25. Nxa4 c4 26. Rdc1 Rac8 27. Rc2
Rd4 28. Rbc1 Bg5 29. f4 Bf6 30. b4 g5 31. Nb2 c3 32. Rd1 gxf4 33. Rxd4 Bxd4 34.
Nd1 fxg3 35. Kxg3 Kg7 36. h3 Kg6 37. Kg4 e5 38. Kf3 f5 39. Rg2+ Kf6 40. Rc2 e4+
41. Kf4 Rd8 42. Nxc3 Be5+ 43. Ke3 Rd3+ {White resigns} 0-1

[Event "Team 45 45 League T41"]
[Site "Internet Chess Club"]
[Date "2009.05.05"]
[Round "1"]
[White "Paulkov"]
[Black "fishhead"]
[Result "1-0"]
[WhiteElo "1842"]
[BlackElo "1904"]
[Opening "Alekhine's defense: exchange variation"]
[ECO "B03"]
[Time "20:00:38"]
[TimeControl "2700+45"]

1. e4 Nf6 2. e5 Nd5 3. d4 d6 4. c4 Nb6 5. exd6 cxd6 6. Nc3 g6 7. Be3 Bg7 8. Rc1
O-O 9. b3 Nc6 10. d5 Ne5 11. Be2 f5 12. f4 Nf7 13. Nf3 h6 14. O-O Nd7 15. Qd2
Nf6 16. Nd4 Qd7 17. Ne6 Re8 18. Nb5 Ne4 19. Qd3 b6 20. Nbc7 Rb8 21. Nxe8 Qxe8
22. Nxg7 Kxg7 23. Rce1 e5 24. dxe6 Qxe6 25. Bd4+ Kh7 26. Bf3 Bb7 27. Bb2 d5 28.
Qd4 Rg8 29. cxd5 Bxd5 30. Rd1 Bc6 31. Rfe1 g5 32. Rc1 Ba8 33. Rc7 g4 34. Bxe4
Bxe4 35. Qd7 Qxd7 36. Rxd7 Kg6 37. Rc1 a5 38. Rcc7 Nd8 39. Rc8 {Black resigns}
1-0

[Event "Team 45 45 League T41"]
[Site "Internet Chess Club"]
[Date "2009.05.03"]
[Round "1"]
[White "rayngrant"]
[Black "Mater"]
[Result "1/2-1/2"]
[WhiteElo "1586"]
[BlackElo "1637"]
[Opening "Sicilian: Najdorf variation"]
[ECO "B98"]
[Time "11:06:14"]
[TimeControl "2700+45"]

1. e4 c5 2. Nf3 d6 3. d4 cxd4 4. Nxd4 Nf6 5. Nc3 a6 6. Bg5 e6 7. f4 Be7 8. Qf3
Qc7 9. O-O-O Nc6 10. g4 e5 11. Nf5 Bxf5 12. gxf5 b5 13. Bxf6 Bxf6 14. Nd5 Qd8
15. Nxf6+ Qxf6 16. fxe5 Nxe5 17. Qc3 O-O 18. Kb1 Rac8 19. Qa3 Nc4 20. Bxc4 Rxc4
21. Rxd6 Qe5 22. f6 Rxe4 23. Qg3 Qxg3 24. hxg3 Re6 25. fxg7 Kxg7 26. Rhd1 Rfe8
27. b3 Kg6 28. Rd7 R8e7 29. R1d3 Rxd7 30. Rxd7 f5 31. a4 bxa4 32. bxa4 Re1+ 33.
Kb2 Rg1 34. Rd6+ Kg5 35. Rxa6 Rxg3 36. Ra7 h5 37. Rg7+ Kf4 38. Rxg3 Kxg3 39. a5
f4 40. a6 f3 41. a7 f2 42. a8=Q f1=Q 43. Qg8+ Kf2 44. Qf7+ Ke1 45. Qxh5 Qf6+ 46.
Kb3 Qb6+ 47. Kc4 Qa6+ 48. Qb5 Qe6+ 49. Kb4 Qe4+ 50. c4 Qb1+ 51. Ka5 Qa1+ 52. Kb6
Qf6+ 53. Qc6 Qd8+ 54. Qc7 Qf6+ 55. Kb7 Qf3+ 56. Qc6 Qb3+ 57. Kc7 Qg3+ 58. Qd6
Qg7+ 59. Kc6 Qg2+ 60. Kd7 Qb7+ 61. Ke6 Qc8+ 62. Kd5 Qa8+ 63. Kd4 Qa1+ 64. Kd5
Qa8+ 65. Kc5 Qa5+ 66. Kc6 Qa4+ 67. Kd5 Qa8+ 68. Ke5 Qh8+ 69. Qf6 Qb8+ 70. Kf5
Qb1+ 71. Ke6 Qb6+ 72. Kf7 Qc5 73. Qe6+ Kf2 74. Qf6+ Kg3 75. Qg6+ Kf4 76. Qf6+
Ke4 77. Qc3 Qc7+ 78. Ke8 Qc8+ 79. Ke7 Qc7+ 80. Kf6 Qd8+ 81. Ke6 Qc8+ 82. Kd6
Qd8+ 83. Kc6 Qc8+ 84. Kb5 Qb7+ 85. Ka4 Qc6+ 86. Kb3 Qb6+ 87. Qb4 Qe3+ 88. Ka4
Qa7+ 89. Qa5 Qd7+ 90. Qb5 Qd1+ 91. Kb4 Qd2+ 92. Kc5 Qd4+ 93. Kc6 Qf6+ 94. Kc7
Qf4+ 95. Kb6 Qe3+ 96. Qc5 Qb3+ 97. Kc6 Qa4+ 98. Kd6 Kd3 99. Qb5 Qxc4 100. Qxc4+
Kxc4 {Game drawn because neither player has mating material} 1/2-1/2

[Event "Team 45 45 League T41"]
[Site "Internet Chess Club"]
[Date "2009.05.10"]
[Round "1"]
[White "cknights"]
[Black "Rhel"]
[Result "1-0"]
[WhiteElo "1842"]
[BlackElo "1558"]
[Opening "QGD semi-Slav: 5.e3"]
[ECO "D45"]
[Time "14:00:58"]
[TimeControl "2700+45"]

1. d4 Nf6 2. c4 e6 3. Nc3 d5 4. e3 c6 5. Nf3 Be7 6. Qc2 Nbd7 7. Bd3 O-O 8. O-O
Re8 9. Bd2 dxc4 10. Bxc4 Nb6 11. Bd3 Nbd5 12. a3 Bd6 13. e4 Nxc3 14. bxc3 e5 15.
dxe5 Bxe5 16. Nxe5 Rxe5 17. Bf4 Rh5 18. Be2 Bg4 19. Rfd1 Qe7 20. f3 Be6 21. c4
h6 22. Bd6 Qe8 23. Rd2 b6 24. e5 Nd7 25. f4 Bf5 26. Qd1 Rh4 27. g3 Rh3 28. Bf1
Qe6 29. Bb4 Bg4 30. Bxh3 Bxh3 31. Rd6 Qxc4 32. Rxd7 c5 33. Rd8+ Rxd8 34. Qxd8+
Kh7 35. Qd2 cxb4 36. axb4 a5 37. Rc1 Qa6 38. Kf2 Qb7 39. Qc2+ g6 40. Qc6 Qa6 41.
b5 Qa7 42. Qc7 {Black resigns} 1-0

[Event "Team 45 45 League T41"]
[Site "Internet Chess Club"]
[Date "2009.05.05"]
[Round "1"]
[White "jonesey"]
[Black "pestka"]
[Result "1/2-1/2"]
[WhiteElo "2037"]
[BlackElo "2218"]
[Opening "Sicilian: Nimzovich-Rossolimo attack (with ...g6, without ...d6)"]
[ECO "B31"]
[Time "05:07:11"]
[TimeControl "2700+45"]

1. e4 c5 2. Nf3 Nc6 3. Bb5 g6 4. Bxc6 bxc6 5. O-O Bg7 6. Re1 e5 7. c3 Ne7 8. d4
cxd4 9. cxd4 exd4 10. Nxd4 O-O 11. Nc3 Qb6 12. Nb3 d5 13. Be3 Qc7 14. Bd4 dxe4
15. Bxg7 Kxg7 16. Qd4+ Kg8 17. Nxe4 Nd5 18. Rac1 Qb6 19. Rc5 Bf5 20. Nf6+ Nxf6
21. Qxf6 Be6 22. Rh5 Bxb3 23. Rxh7 Kxh7 24. Re4 Bd1 25. Rh4+ Bh5 26. Rxh5+ gxh5
27. Qf5+ {Game drawn by mutual agreement} 1/2-1/2

[Event "Team 45 45 League T41"]
[Site "Internet Chess Club"]
[Date "2009.05.05"]
[Round "1"]
[White "tourettes"]
[Black "fledermaus"]
[Result "0-1"]
[WhiteElo "1768"]
[BlackElo "1985"]
[Opening "Sicilian: closed"]
[ECO "B23"]
[Time "14:05:30"]
[TimeControl "2700+45"]

1. e4 c5 2. Nc3 e6 3. g3 Nc6 4. Bg2 g6 5. Nge2 Bg7 6. O-O Nge7 7. d3 d6 8. Be3
O-O 9. Qd2 Nd4 10. Rab1 Rb8 11. f4 f5 12. h3 b5 13. a3 a6 14. g4 Bb7 15. Ng3 Qd7
16. Kh2 a5 17. b4 cxb4 18. axb4 a4 19. Nce2 Nec6 20. exf5 exf5 21. Bd5+ Kh8 22.
gxf5 Nxf5 23. Nxf5 Rxf5 24. Bf3 Ne7 25. Bg4 Qc6 26. Nd4 Qd5 27. Bf3 Qf7 28. Nxf5
Nxf5 29. Bxb7 Rxb7 30. Rfc1 Rc7 31. c3 Qd5 32. Bd4 Nxd4 33. cxd4 Rxc1 34. Rxc1
Bxd4 35. Rc8+ Kg7 36. Rc7+ Kh6 37. h4 Qf5 38. Kg3 a3 39. Qe2 a2 40. Qe7 Qxd3+
41. Kg2 Qd2+ 42. Kf3 Qd1+ 43. Kg3 Qg1+ 44. Kf3 Qf2+ 45. Kg4 Qg2# {White
checkmated} 0-1

[Event "Team 45 45 League T41"]
[Site "Internet Chess Club"]
[Date "2009.05.01"]
[Round "1"]
[White "vollmerj"]
[Black "chessateer"]
[Result "0-1"]
[WhiteElo "1665"]
[BlackElo "1842"]
[Opening "Ruy Lopez: closed, Keres (...Nd7) defense"]
[ECO "C96"]
[Time "14:00:06"]
[TimeControl "2700+45"]

1. e4 e5 2. Nf3 Nc6 3. Bb5 a6 4. Ba4 Nf6 5. O-O Be7 6. Re1 b5 7. Bb3 d6 8. c3
O-O 9. h3 Na5 10. Bc2 c5 11. d4 Nd7 12. Nbd2 exd4 13. cxd4 Nc6 14. d5 Nce5 15.
Nxe5 Nxe5 16. Nf3 Bf6 17. Nxe5 Bxe5 18. f4 Bd4+ 19. Kh1 Qh4 20. Qf3 Qxe1+ {White
resigns} 0-1

[Event "Team 45 45 League T41"]
[Site "Internet Chess Club"]
[Date "2009.05.04"]
[Round "1"]
[White "chess92192"]
[Black "chiiwen"]
[Result "1-0"]
[WhiteElo "2003"]
[BlackElo "2059"]
[Opening "Dutch with c4 & Nc3"]
[ECO "A87"]
[Time "21:06:24"]
[TimeControl "2700+45"]

1. d4 f5 2. c4 Nf6 3. Nc3 g6 4. g3 Bg7 5. Bg2 d6 6. Nf3 O-O 7. O-O Qe8 8. d5 Na6
9. Nd4 Bd7 10. a3 c6 11. dxc6 bxc6 12. f4 Nc7 13. e4 fxe4 14. Nxe4 Nxe4 15. Bxe4
Rb8 16. Rb1 Ne6 17. Nxe6 Bxe6 18. Qa4 c5 19. Qxe8 Rfxe8 20. Bd5 Bxd5 21. cxd5
Rb3 22. Re1 Kf7 23. Re3 Rxe3 24. Bxe3 Rb8 25. b4 Bc3 26. b5 Ba5 27. Kf2 e6 28.
dxe6+ Kxe6 29. a4 Bb6 30. Re1 Kd7 31. Kf3 Re8 32. Rc1 Rc8 33. g4 d5 34. a5 Bxa5
35. Rxc5 Rxc5 36. Bxc5 Bb6 37. Bxb6 axb6 38. Ke3 h5 39. h3 Ke7 40. Kd3 Kd7 41.
f5 gxf5 42. gxf5 Ke7 43. Kd4 Kf6 44. Kxd5 Kxf5 45. Kc6 h4 46. Kxb6 Kf4 47. Kc5
Kg3 48. b6 Kxh3 49. b7 Kg2 50. b8=Q h3 51. Qb2+ Kg1 52. Qc1+ Kg2 53. Qd2+ Kg1
54. Qe1+ Kg2 55. Qe2+ Kg1 56. Qg4+ Kh2 57. Qf3 {Black resigns} 1-0

[Event "Team 45 45 League T41"]
[Site "Internet Chess Club"]
[Date "2009.05.02"]
[Round "1"]
[White "martineden"]
[Black "hewdondada"]
[Result "1-0"]
[WhiteElo "1998"]
[BlackElo "1727"]
[Opening "QGD Slav: 3.Nf3"]
[ECO "D11"]
[Time "04:06:22"]
[TimeControl "2700+45"]

1. d4 d5 2. c4 c6 3. Nf3 Nf6 4. Qc2 g6 5. Bf4 Bg7 6. e3 Bf5 7. Bd3 Bxd3 8. Qxd3
O-O 9. Nc3 a6 10. Rc1 Nbd7 11. O-O Nh5 12. cxd5 Nxf4 13. exf4 c5 14. dxc5 Nxc5
15. Qe3 Rc8 16. Rfd1 Re8 17. Ne5 Nd7 18. Rc2 Nf6 19. Rcd2 Qd6 20. a3 Bh6 21. g3
Nd7 22. Nxd7 Qxd7 23. Ne4 Bg7 24. b4 Rc7 25. d6 exd6 26. Rxd6 Qe7 27. Qb6 Rc2
28. Re1 Kh8 29. Re3 Rc6 30. Rxc6 bxc6 31. Nd6 Qxd6 32. Rxe8+ Bf8 33. Qd8 Kg7 34.
Qxd6 Bxd6 35. Rc8 {Black resigns} 1-0